 Dungeon Crawl Stone Soup version 0.28.0-1-gb440e238dd (webtiles) character file.

Game seed: 5989827289033797107

104305 jfcaron the Tortoise (level 15, -2/138 HPs)
             Began as a Minotaur Fighter on Feb 21, 2022.
             Was an Initiate of Gozag.
             Slain by an acid blob (18 damage)
             ... while paralysed by a great orb of eyes
             ... on level 4 of the Lair of Beasts.
             The game lasted 01:15:45 (29936 turns).

jfcaron the Tortoise (Minotaur Fighter)            Turns: 29936, Time: 01:15:48

Health: -2/138     AC: 41    Str: 33    XL:     15   Next: 91%
Magic:  0/14       EV:  2    Int:  8    God:    Gozag
Gold:   2414       SH:  0    Dex:  9    Spells: 14/14 levels left

rFire   + . .      SeeInvis .   l - +3 broad axe (elec)
rCold   + + .      Faith    .   h - +0 buckler {rPois}
rNeg    . . .      Spirit   +   X - +10 crystal plate armour of Bad Feelings {rC++ Dex-4}
rPois   +          Reflect  .   L - +2 hat
rElec   .          Harm     .   Z - +2 cloak {Stlth+}
rCorr   .          Rampage  .   s - +1 pair of gloves of the Distant Future {Str+4 Int+3 Dex+4}
Will    +....                   c - +2 pair of boots
Stlth   ..........              A - amulet of guardian spirit
HPRegen 0.33/turn               f - +4 ring of evasion
MPRegen 0.14/turn               x - ring of protection from fire

@: paralysed, corroded, studying Armour
A: horns 2, retaliatory headbutt
a: Renounce Religion, Potion Petition, Call Merchant, Bribe Branch


You were on level 4 of the Lair of Beasts.
You worshipped Gozag.
Gozag was most pleased with you.
You visited 3 branches of the dungeon, and saw 23 of its levels.
You also visited: Sewer and Ice Cave.

You collected 7992 gold pieces.
You spent 4774 gold pieces at shops.
You paid 804 gold pieces to Gozag.

Inventory:

Hand Weapons
 l - a +3 broad axe of electrocution (weapon)
 U - a +4 broad axe of flaming
Missiles
 e - 526 stones (quivered)
 r - 8 poisoned darts
 D - 16 javelins
 E - a throwing net {!f}
 R - 6 curare-tipped darts {!f}
 W - 3 datura-tipped darts
Armour
 c - a +2 pair of boots (worn)
 h - a +0 buckler of poison resistance (worn)
 s - the +1 pair of gloves of the Distant Future (worn) {Str+4 Int+3 Dex+4}
   (You found it on level 5 of the Lair of Beasts)

   Str:       It affects your strength (+4).
   Int:       It affects your intelligence (+3).
   Dex:       It affects your dexterity (+4).
 L - a +2 hat (worn)
 X - the +10 crystal plate armour of Bad Feelings (worn) {rC++ Dex-4}
   (You bought it in a shop on level 2 of the Orcish Mines)

   Dex:       It affects your dexterity (-4).
   rC:        It greatly protects you from cold.
 Z - a +2 cloak of stealth (worn)
Jewellery
 f - a +4 ring of evasion (left hand)
 x - a ring of protection from fire (right hand)
 A - an amulet of guardian spirit (around neck)
 Q - a +4 ring of evasion
 V - a ring of protection from fire
Wands
 b - a wand of iceblast (26)
 g - a wand of mindburst (7)
 q - a wand of flame (4)
 B - a wand of paralysis (4)
 I - a wand of charming (12)
 K - a wand of polymorph (18)
 N - a wand of acid (8)
Scrolls
 a - a scroll of blinking
 n - 2 scrolls of immolation
 u - 12 scrolls of teleportation
 v - 2 scrolls of identify
 y - 2 scrolls of fear
 F - 6 scrolls of vulnerability
 M - 3 scrolls of magic mapping
 O - 4 scrolls of fog
 T - 3 scrolls of silence
Potions
 i - 6 potions of haste
 j - 5 potions of might
 m - 2 potions of flight
 o - 5 potions of cancellation
 p - 6 potions of lignification
 z - 6 potions of mutation
 C - 5 potions of heal wounds
 G - 8 potions of attraction
 J - 16 potions of curing
 S - a potion of invisibility
 Y - 3 potions of resistance
Miscellaneous
 d - a phial of floods
 k - a box of beasts
 t - a tin of tremorstones (2/2)
 w - a lightning rod (4/4)
 P - a condenser vane


   Skills:
 - Level 14.0 Fighting
 + Level 7.7(11.8) Axes
 - Level 14.0(14.7) Polearms
 - Level 10.0 Throwing
 + Level 19.4 Armour
 - Level 8.0 Dodging
 - Level 10.0 Shields
 + Level 11.5 Evocations


You had 14 spell levels left.
You didn't know any spells.
Your spell library contained the following spells:

 Spells                   Type           Power      Damage    Failure   Level
 Beastly Appendage        Tmut           0%         N/A       99%         1
 Foxfire                  Conj/Fire      0%         2x1d4     99%         1
 Sandblast                Erth           0%         2d4       99%         1
 Shock                    Conj/Air       0%         1d3       99%         1
 Slow                     Hex            0%         N/A       99%         1
 Blink                    Tloc           0%         N/A       100%        2
 Passwall                 Tmut/Erth      0%         N/A       100%        2
 Scorch                   Fire           0%         2d5       100%        2
 Wereblood                Tmut           0%         N/A       100%        2
 Confusing Touch          Hex            0%         N/A       100%        3
 Conjure Flame            Conj/Fire      0%         6-21      100%        3
 Dazzling Flash           Conj/Hex       0%         N/A       100%        3
 Gell's Gravitas          Tloc           0%         N/A       100%        3
 Inner Flame              Hex/Fire       0%         N/A       100%        3
 Lesser Beckoning         Tloc           0%         N/A       100%        3
 Ozocubu's Armour         Ice            0%         N/A       100%        3
 Spider Form              Tmut/Pois      0%         N/A       100%        3
 Stone Arrow              Conj/Erth      0%         3d7       100%        3
 Swiftness                Air            0%         N/A       100%        3
 Teleport Other           Tloc           0%         N/A       100%        3
 Tukima's Dance           Hex            0%         N/A       100%        3
 Vampiric Draining        Necr           0%         2d6       100%        3
 Airstrike                Air            0%         N/A       100%        4
 Anguish                  Hex/Necr       0%         N/A       100%        4
 Flame Wave               Conj/Fire      0%         2d4       100%        4
 Hailstorm                Conj/Ice       0%         3d3       100%        4
 Ice Form                 Ice/Tmut       0%         N/A       100%        4
 Leda's Liquefaction      Hex/Erth       0%         N/A       100%        4
 Agony                    Necr           0%         N/A       100%        5
 Lee's Rapid Deconstruct  Erth           0%         3d5*      100%        5
 Manifold Assault         Tloc           0%         N/A       100%        5
 Metabolic Englaciation   Hex/Ice        0%         N/A       100%        5
 Silence                  Hex/Air        0%         N/A       100%        5
 Conjure Ball Lightning   Conj/Air       0%         3x3d6     100%        6
 Simulacrum               Ice/Necr       0%         N/A       100%        6
 Statue Form              Tmut/Erth      0%         N/A       100%        6
 Summon Cactus Giant      Summ           0%         N/A       100%        6
 Enfeeble                 Hex            0%         N/A       100%        7
 Storm Form               Tmut/Air       0%         N/A       100%        7
 Discord                  Hex            0%         N/A       100%        8
 Disjunction              Tloc           0%         N/A       100%        8


Dungeon Overview and Level Annotations

Branches:
Dungeon (15/15)            Temple (0/1) D:6            Lair (6/6) D:11
  Swamp (0/4) Lair:3        Snake (0/4) Lair:2        Slime (0/5) Lair:6
    Orc (2/2) D:9             Elf (0/3) Orc:2        Vaults (0/5) D:13
 Depths (0/4) D:15          Sewer (visited)           IceCv (visited)

Altars:
Cheibriados
Fedhas
Gozag
Makhleb
Okawaru
Qazlal
Sif Muna
Trog
Uskayaw
Vehumet
Wu Jian
Yredelemnul
The Shining One
Beogh
Jiyva
Lugonu

Shops:
D:2 (   D:11 (   D:12 ?   Orc:1 *   Orc:2 *:*[!

Portals:
Abyss: Lair:6
Trove: D:15 (show abyssal rune of Zot)

Annotations:
D:13 awesome buckler here
Lair:4 hikkokomori's ghost, journeyman GrEE


Innate Abilities, Weirdness & Mutations

You have a pair of horns on your head.
You reflexively headbutt those who attack you in melee.


Message History

The eye of devastation turns its gaze towards you.
The slime creature quivers.
The acid blob quivers.
The slime creature quivers.
The acid blob quivers.
Two slime creatures merge to form a large slime creature.
Two slime creatures merge to form a very large slime creature.
Hikkokomori's ghost turns its malevolent gaze towards you.
Two slime creatures merge to form a large slime creature.
Search for what [Enter for "alarm", or ? for help]? rcorr The acid blob jiggles.
Okay, then.
You open the gate. The great orb of eyes gazes at you.
You suddenly lose the ability to move!
The acid blob jiggles.
The acid blob spits acid at you. The splash of acid hits you.
The acid corrodes you!
The acid blob jiggles.
The very large slime creature jiggles.
The acid blob spits acid at you. The splash of acid hits you!
The acid blob jiggles.
The acid blob spits acid at you. The splash of acid hits you!
The acid corrodes you! The acid blob spits acid at you.
The splash of acid hits you but does no damage.
The acid blob spits acid at you. The splash of acid hits you!!
The acid blob hits you!!
You are splashed with acid.
The acid blob hits you. The acid corrodes you!
You are splashed with acid!
The acid blob spits acid at you. The splash of acid hits you!
* * * LOW HITPOINT WARNING * * *
The acid blob spits acid at you. The splash of acid hits you!!
* * * LOW HITPOINT WARNING * * *
The acid blob spits acid at you.
The splash of acid hits you but does no damage.
A large slime creature splits.
The acid blob hits you!!
You die...
Your body crumbles into a pile of gold.

##.>.# #...PP## #....##
###..P..# ##....##
##.#.P#..# #.#....#
#[....<..## #..P..##
#.........# ##..P.#
##.......## #.#.PP#
#####......## ###...#
##...##......#
##P...####....G#@...###
........#[$...JJJJ..##
....#...#_:..JJJJW...####
..###...#$[..GJ'........##
.#.[....##.../.#.......#.#
.........##...##.#......##
....#..P..#### #.....##..#
...........# ###.>.#####
....##.....######....##


You could see 6 acid blobs, a great orb of eyes, a very large slime creature, 2
slime creatures, an eye of devastation and hikkokomori's ghost.

Vanquished Creatures
  Jorgrun (D:13)
  Gastronok (Lair:3)
  Kirke (Lair:5)
  A frost giant (D:15)
  A fire dragon (D:13)
  2 vault guards (D:13)
  An ogre mage (Orc:1)
  2 boulder beetles
  9 hydras
  3 centaur warriors
  A death knight (D:14)
  The ghost of axecop the Cleaver, a novice HODe of Gozag (D:7)
  A catoblepas (Lair:6)
  6 tengu warriors
  12 two-headed ogres
  3 death yaks
  2 thrashing horrors (Lair:6)
  Urug (Lair:2)
  3 orc high priests (Orc:2)
  9 skeletal warriors
  A wizard (D:13)
  2 necromancers (D:13)
  7 orc knights
  6 orc sorcerers
  A manticore (D:14)
  3 deep elf pyromancers
  A moth of wrath (D:7)
  9 ugly things
  2 large abominations (Lair:6)
  18 elephants
  5 cyclopes
  3 ice statues (IceCv)
  6 black mambas
  Maggie (D:7)
  11 cane toads
  4 gargoyles
  A rime drake (Lair:3)
  A cane toad (shapeshifter) (Lair:6)
  A yaktaur (D:13)
  7 komodo dragons
  4 tengu conjurers
  3 efreet
  A freezing wraith (IceCv)
  An anaconda simulacrum (IceCv)
  An entropy weaver simulacrum (IceCv)
  2 ice devils (Lair:2)
  2 ancient zymes (Lair:6)
  3 meliai (D:14)
  A polar bear (shapeshifter) (Lair:6)
  6 trolls
  4 hornets
  18 blink frogs
  A meliai zombie (D:10)
  Sigmund (D:5)
  2 vampires (D:12)
  A spriggan (Lair:6)
  A shadow (D:12)
  7 wyverns
  4 wraiths
  Eustachio (D:5)
  3 hogs (Lair:5)
  49 yaks
  4 ynoxinuls (Lair:6)
  19 humans (D:13)
  3 basilisks
  A steam dragon (D:7)
  6 vampire mosquitoes
  A chaos spawn (Lair:6)
  3 wargs
  A death yak simulacrum (IceCv)
  2 nagas (Lair:2)
  15 water moccasins
  An acid dragon (D:12)
  23 orc warriors
  An ice beast (D:7)
  3 black bears
  6 ogres
  4 boggarts (D:14)
  7 wolves
  8 centaurs
  2 phantoms (D:5)
  11 small abominations (Lair:6)
  Blork the orc (D:5)
  7 bullfrogs
  A gnoll sergeant (D:5)
  2 cane toad simulacra (IceCv)
  A wyvern zombie (D:6)
  12 killer bees (D:9)
  6 howler monkeys
  10 electric eels
  2 bullfrog zombies (D:6)
  6 centaur zombies
  2 bullfrog skeletons
  Crazy Yiuf (D:7)
  4 jellies
  A centaur skeleton (D:6)
  3 hounds
  A gnoll shaman (D:7)
  29 orc priests
  2 iguanas
  2 hell rats (Lair:3)
  30 orc wizards
  2 wolf simulacra (IceCv)
  A killer bee zombie (D:6)
  3 hound skeletons (D:4)
  A howler monkey skeleton (D:5)
  2 howler monkey zombies
  15 gnolls
  3 adders
  10 river rats
  A shadow imp (D:6)
  2 white imps
  An ufetubus (D:6)
  2 adder skeletons (D:4)
  A worm (D:3)
  73 orcs
  2 bats (D:2)
  14 endoplasms
  10 giant cockroaches
  11 goblins
  9 hobgoblins
  4 jackals (D:1)
  9 kobolds
  5 quokkas
  13 ball pythons
  8 frilled lizards
  12 rats
  10 fungi
  59 plants
794 creatures vanquished.

Notes
Turn   | Place    | Note
-------+----------+-------------------------------------------
     0 | D:1      | jfcaron the Minotaur Fighter began the quest for the Orb.
     0 | D:1      | Reached XP level 1. HP: 19/19 MP: 0/0
    85 | D:1      | Reached XP level 2. HP: 18/27 MP: 1/1
   709 | D:1      | Reached skill level 4 in Armour
  1074 | D:2      | Reached XP level 3. HP: 33/33 MP: 2/2
  1333 | D:2      | Reached XP level 4. HP: 40/40 MP: 3/3
  1699 | D:2      | Found Linopref's Weapon Emporium.
  2169 | D:3      | Found a snail-covered altar of Cheibriados.
  2617 | D:3      | Found a glowing golden altar of the Shining One.
  2619 | D:3      | Found an opulent altar of Gozag.
  2755 | D:3      | Became a worshipper of Gozag Ym Sagoz the Greedy
  3319 | D:4      | Reached XP level 5. HP: 47/47 MP: 4/4
  3365 | D:4      | Found a stormy altar of Qazlal.
  3580 | D:4      | Reached skill level 5 in Fighting
  3580 | D:4      | Reached skill level 5 in Armour
  3580 | D:4      | Reached skill level 5 in Shields
  3755 | D:4      | Noticed an ogre
  3768 | D:4      | Killed an ogre
  3769 | D:4      | Reached XP level 6. HP: 35/56 MP: 3/5
  3986 | D:5      | Entered Level 5 of the Dungeon
  3988 | D:5      | Found a radiant altar of Vehumet.
  4004 | D:5      | HP: 11/56 [gnoll sergeant (2)]
  4020 | D:5      | HP: 13/84 [gnoll sergeant (8)]
  4191 | D:5      | Found an iron altar of Okawaru.
  4226 | D:5      | Found a glowing drain.
  4251 | Sewer    | Entered a sewer
  4581 | Sewer    | Reached skill level 5 in Polearms
  4581 | Sewer    | Reached XP level 7. HP: 60/62 MP: 6/6
  4630 | Sewer    | Found a viscous altar of Jiyva.
  5146 | D:5      | Reached skill level 6 in Armour
  5549 | D:5      | Noticed a yak
  5558 | D:5      | Killed a yak
  5559 | D:5      | Reached XP level 8. HP: 48/71 MP: 3/7
  5717 | D:5      | Noticed Blork the orc
  5721 | D:5      | Killed Blork the orc
  5733 | D:5      | Found a burning altar of Makhleb.
  5908 | D:5      | Noticed Sigmund
  5918 | D:5      | Killed Sigmund
  5919 | D:5      | Reached skill level 7 in Armour
  6031 | D:6      | Found a shimmering blue altar of Sif Muna.
  6235 | D:6      | Found a bloodstained altar of Trog.
  6320 | D:6      | Found a basalt altar of Yredelemnul.
  6330 | D:6      | Reached XP level 9. HP: 81/81 MP: 8/8
  6382 | D:6      | Reached skill level 8 in Armour
  6499 | D:6      | Found a staircase to the Ecumenical Temple.
  7014 | D:7      | Found a transporter.
  7049 | D:7      | Noticed a moth of wrath
  7060 | D:7      | Noticed axecop's ghost (novice HODe)
  7084 | D:7      | Found a transporter.
  7107 | D:7      | Found a blossoming altar of Fedhas.
  7245 | D:7      | Noticed Maggie
  7254 | D:7      | Killed Maggie
  7276 | D:7      | Found a runed translucent door.
  7277 | D:7      | Noticed Crazy Yiuf
  7914 | D:8      | Reached skill level 9 in Armour
  7978 | D:8      | Reached skill level 10 in Polearms
  7998 | D:8      | Reached XP level 10. HP: 80/91 MP: 9/9
  9391 | D:9      | Reached skill level 1 in Dodging
  9986 | D:9      | Reached skill level 10 in Fighting
  9986 | D:9      | Reached skill level 10 in Armour
 10401 | D:9      | Found a staircase to the Orcish Mines.
 10525 | D:9      | Noticed a centaur warrior
 10543 | D:9      | Killed a centaur warrior
 10752 | D:10     | Entered Level 10 of the Dungeon
 10819 | D:10     | Reached XP level 11. HP: 100/101 MP: 10/10
 11046 | D:10     | Noticed a two-headed ogre
 11051 | D:10     | Killed a two-headed ogre
 11537 | D:10     | Reached skill level 11 in Armour
 12256 | D:11     | Found a staircase to the Lair.
 12557 | D:11     | Noticed a seven-headed hydra
 12565 | D:11     | Killed a seven-headed hydra
 12885 | Lair:1   | Entered Level 1 of the Lair of Beasts
 12891 | D:11     | Bought a glowing broad axe for 245 gold pieces
 13029 | Lair:1   | Reached skill level 12 in Armour
 13040 | Lair:1   | Reached skill level 1 in Throwing
 13042 | Lair:1   | Reached skill level 1 in Evocations
 13159 | Lair:1   | Reached XP level 12. HP: 112/112 MP: 11/11
 13548 | Lair:2   | Noticed an eight-headed hydra
 13554 | Lair:2   | Killed a five-headed hydra
 13601 | Lair:2   | Reached skill level 5 in Dodging
 13612 | Lair:2   | Found a frozen archway.
 13778 | IceCv    | Entered an ice cave
 15155 | Lair:2   | Found a staircase to the Snake Pit.
 15555 | Lair:2   | Noticed a five-headed hydra
 15562 | Lair:2   | Killed a three-headed hydra
 15693 | Lair:2   | Noticed a boulder beetle
 15706 | Lair:2   | Killed a boulder beetle
 16059 | Lair:3   | Noticed a boulder beetle
 16070 | Lair:3   | Killed a boulder beetle
 16079 | Lair:3   | Noticed a six-headed hydra
 16089 | Lair:3   | Killed a three-headed hydra
 16090 | Lair:3   | Reached skill level 13 in Armour
 16178 | Lair:3   | Noticed Urug
 16198 | Lair:2   | Killed Urug
 16369 | Lair:3   | Found a staircase to the Swamp.
 16442 | Lair:3   | Noticed a five-headed hydra
 16454 | Lair:3   | Killed a one-headed hydra
 16455 | Lair:3   | Reached XP level 13. HP: 114/122 MP: 12/12
 16596 | Lair:3   | Noticed Gastronok
 16610 | Lair:3   | Killed Gastronok
 16719 | Lair:4   | Reached skill level 10 in Shields
 17037 | Lair:4   | Reached skill level 5 in Throwing
 17190 | Lair:4   | Reached skill level 5 in Evocations
 17468 | Lair:4   | You fall into a shaft and drop 2 floors!
 17468 | Lair:6   | Entered Level 6 of the Lair of Beasts
 17768 | Lair:5   | Noticed Kirke
 17777 | Lair:5   | Killed Kirke
 17910 | Lair:5   | Reached skill level 14 in Armour
 18063 | Lair:4   | Found a runed translucent gate.
 18063 | Lair:4   | Found a runed translucent gate.
 18063 | Lair:4   | Noticed an acid blob
 18064 | Lair:4   | Noticed an acid blob
 18064 | Lair:4   | Noticed hikkokomori's ghost (journeyman GrEE)
 18064 | Lair:4   | Noticed an acid blob
 18065 | Lair:4   | Noticed an acid blob
 18065 | Lair:4   | Found a runed translucent gate.
 18065 | Lair:4   | Noticed an acid blob
 18065 | Lair:4   | Noticed an acid blob
 18067 | Lair:4   | Found a viscous altar of Jiyva.
 18523 | Lair:5   | Identified the +1 pair of gloves of the Distant Future
                  | {Str+4 Int+3 Dex+4}
 19043 | Lair:6   | Found a staircase to the Slime Pits.
 19099 | Lair:6   | Reached XP level 14. HP: 132/132 MP: 13/13
 19866 | Lair:6   | Identified the +0 pair of gloves "Ebacw" {Int+2}
 20527 | Lair:6   | Found a corrupted altar of Lugonu.
 20529 | Lair:6   | Found a one-way gate to the infinite horrors of the Abyss.
 21046 | D:12     | Found Hutal's Magic Scroll Emporium.
 21065 | D:12     | Bought a scroll of fear for 45 gold pieces
 21065 | D:12     | Bought a scroll of fog for 26 gold pieces
 21065 | D:12     | Bought a scroll of fog for 26 gold pieces
 21065 | D:12     | Bought a scroll of magic mapping for 45 gold pieces
 21191 | D:12     | Identified a scroll of acquirement
 21192 | D:12     | Acquired a manual of Armour
 22093 | Orc:1    | Entered Level 1 of the Orcish Mines
 22308 | Orc:2    | Entered Level 2 of the Orcish Mines
 22367 | Orc:1    | Paralysed by an ogre mage for 6 turns
 22377 | Orc:1    | Reached skill level 15 in Armour
 22382 | Orc:1    | Reached skill level 10 in Throwing
 22767 | Orc:1    | Found Giduriag's Gadget Gallery.
 22994 | Orc:1    | Bought a wand of iceblast (4) for 104 gold pieces
 22994 | Orc:1    | Bought a condenser vane for 520 gold pieces
 22994 | Orc:1    | Bought a wand of iceblast (5) for 117 gold pieces
 22994 | Orc:1    | Bought a wand of flame (12) for 91 gold pieces
 22994 | Orc:1    | Bought a wand of flame (10) for 78 gold pieces
 23058 | Orc:2    | Found Aprout's General Store.
 23067 | Orc:2    | Bought a wand of acid (5) for 216 gold pieces
 23067 | Orc:2    | Bought a scroll of teleportation for 36 gold pieces
 23067 | Orc:2    | Bought a scroll of identify for 24 gold pieces
 23278 | Orc:2    | Reached skill level 16 in Armour
 23564 | Orc:2    | Found Asuafu's Assorted Antiques.
 23564 | Orc:2    | Found Tuxtuwk's Book Shoppe.
 23566 | Orc:2    | Found Xoleduev's Distillery.
 23566 | Orc:2    | Found Louni's Armour Shop.
 23575 | Orc:2    | Bought a fizzy red potion for 30 gold pieces
 23611 | Orc:2    | Bought a scroll of identify for 68 gold pieces
 23612 | Orc:2    | Bought a wand of polymorph (6) for 68 gold pieces
 23612 | Orc:2    | Bought 2 potions of curing for 204 gold pieces
 23616 | Orc:2    | Bought a potion of curing for 39 gold pieces
 23616 | Orc:2    | Bought a potion of curing for 39 gold pieces
 23616 | Orc:2    | Bought a potion of heal wounds for 65 gold pieces
 23616 | Orc:2    | Bought a potion of curing for 39 gold pieces
 23616 | Orc:2    | Bought a potion of curing for 39 gold pieces
 23616 | Orc:2    | Bought a potion of haste for 130 gold pieces
 23616 | Orc:2    | Bought a potion of heal wounds for 65 gold pieces
 23616 | Orc:2    | Bought a potion of haste for 130 gold pieces
 23616 | Orc:2    | Bought a potion of flight for 39 gold pieces
 23624 | Orc:2    | Bought the +10 crystal plate armour of Bad Feelings {rC++
                  | Dex-4} for 1818 gold pieces
 23691 | Orc:2    | Bought a lightning rod (4/4) for 360 gold pieces
 23911 | Orc:2    | Reached XP level 15. HP: 138/138 MP: 14/14
 24018 | Orc:2    | Reached skill level 1 in Axes
 24039 | Orc:2    | Found a staircase to the Elven Halls.
 24103 | Orc:2    | Reached skill level 10 in Evocations
 24775 | D:5      | Noticed Eustachio
 24789 | D:5      | Killed Eustachio
 25118 | D:7      | Killed Crazy Yiuf
 25194 | D:7      | Killed axecop's ghost
 25195 | D:7      | Reached skill level 17 in Armour
 25522 | Orc:2    | Bought a scroll of identify for 68 gold pieces
 26317 | D:13     | You fall into a shaft and drop 1 floor!
 26326 | D:13     | Noticed Jorgrun
 26348 | D:13     | Killed Jorgrun
 26521 | D:13     | Identified the +1 buckler of the Original Sin {rC+ Regen+
                  | Slay+3}
 26539 | D:13     | Reached skill level 5 in Axes
 26543 | D:13     | Reached skill level 18 in Armour
 26564 | D:13     | Found a gate to the Vaults.
 26749 | D:13     | Found an ornate altar of the Wu Jian Council.
 27017 | D:13     | Identified the +6 long sword "Daethr Kuhe" {speed, Contam
                  | Fragile rC+ Str+8}
 27018 | D:13     | Identified the +0 cloak "Qurutim" {Str+4 Dex-5 SInv}
 28394 | D:15     | Entered Level 15 of the Dungeon
 28493 | D:15     | Identified the +2 spear of the Scavenger {vamp, *Slow rF+++
                  | rN+ rCorr}
 28707 | D:15     | Reached skill level 19 in Armour
 29100 | D:15     | Found a portal to a secret trove of treasure.
 29324 | D:15     | Found a hide-covered altar of Uskayaw.
 29449 | D:15     | Found a staircase to the Depths.
 29449 | D:15     | Noticed a frost giant
 29461 | D:15     | Killed a frost giant
 29931 | Lair:4   | Paralysed by a great orb of eyes for 6 turns
 29936 | Lair:4   | HP: 16/138 [acid blob/splash of acid (20)]
 29936 | Lair:4   | Slain by an acid blob

Illustrated notes

Levels and vault maps discovered:
D:1:      giann_forest_graveyard, layout_loops_corners
D:2:      cheibrodos_old_hovel, layout_basic, serial_shops, shop
D:3:      layout_basic, mainiacjoe_overflow_divided_tiny, cheibriados_altar_1
D:4:      layout_rooms, nicolae_qazlal_scattered_showers, corexii_corridor_pit,
          minmay_ogre_servants
D:5:      cheibrodos_two_vegetables, layout_loops_ring, lemuel_tele_altar,
          makhleb_heckhound_becter, mainiacjoe_overflow_cross_hatched,
          portal_sewer_entry_c, serial_bayou, serial_bayou_lagoon_a,
          serial_bayou_ford_a, serial_bayou_pond_e, serial_bayou_pond_b,
          serial_bayou_pond_d, serial_bayou_shore_b, uniq_blork_the_orc,
          uniq_eustachio, uniq_sigmund
D:6:      layout_rooms, trog_ov_bears_minmay, mainiacjoe_overflow_boulevard,
          nicolae_yredelemnul_corpse_copse, minmay_temple_entry_statues
D:7:      layout_loops_ring, nicolae_overflow_crystal_walls,
          gammafunk_ghost_berserking_beasts, uniq_crazy_yiuf_cottage,
          uniq_maggie
D:8:      layout_basic
D:9:      layout_basic, hiddenorc2_lemuel, serial_glass, glass_columns_a,
          glass_columns_a, glass_columns_a, glass_columns_c, glass_columns_a,
          glass_columns_b, feat_on_display, kennysheep_pointless_box
D:10:     layout_stronghold, david_defended_altar_orc
D:11:     layout_basic, erik_lair_orcish_takeover
D:12:     layout_loops_ring, serial_shops, shop_statue, water_maze_lemuel
D:13:     dragon1_lemuel, layout_irregular_city, grunt_vaults_entry_tiered,
          nicolae_wu_jian_glorious_leap, uniq_jorgrun
D:14:     layout_irregular_city, small_statue_intersection
D:15:     grunt_enter_depths_snipers, layout_small_grid, enter_trove_0,
          nicolae_uskayaw_dance_hall, billiards_dpeg
Lair:1:   layout_misc_corridors, nicolae_quartered_pool_medium,
          lemuel_fruit_tree, infiniplex_staircase_pool_2
Lair:2:   nzn_winding_woodlands_stair_trap [nzn_winding_woodlands_5x15_zeroes,
          nzn_winding_woodlands_5x15_split_checker,
          nzn_winding_woodlands_5x15_pool,
          nzn_winding_woodlands_15x15_boxy_spiral,
          nzn_winding_woodlands_5x15_crooked,
          nzn_winding_woodlands_5x15_lazy_stream,
          nzn_winding_woodlands_5x15_pockets], layout_small_grid,
          guppyfry_snake_entry_island, portal_ice_cave_demonic_guard,
          beast_lair_carwin_2
Lair:3:   layout_hall_layers, swamp_mist, kennysheep_rathole,
          infiniplex_staircase_pool, uniq_gastronok, uniq_urug
Lair:4:   layout_misc_corridors, gammafunk_ghost_ooze, grunt_megastairs_4,
          serial_bayou_shore_a
Lair:5:   layout_regular_city, uniq_kirke
Lair:6:   hellmonk_lair_end_abyssal_woods, layout_cave_pods, slime_dummy
Orc:1:    layout_diamond_mine, nicolae_shop_gadgets
Orc:2:    st_orc_elflike, layout_diamond_mine, serial_shops, shop

Skill      XL: |  1  2  3  4  5  6  7  8  9 10 11 12 13 14 15 |
---------------+----------------------------------------------+-----
Shields        | 4 5 6 8 9 10 | 10.0
Armour         | 4 5 6 7 9 10 12 13 14 16 19 | 19.4
Fighting       | 4 5 6 7 9 10 12 13 14 | 14.0
Polearms       | 3 4 5 6 7 10 12 14 | 14.0
Dodging        | 4 6 8 |  8.0
Throwing       | 1 4 7 10 | 10.0
Evocations     | 1 4 6 9 11 | 11.5
Axes           | 7 |  7.7

Action                   |  1- 3 |  4- 6 |  7- 9 | 10-12 | 13-15 || total
-------------------------+-------+-------+-------+-------+-------++-------
Melee: Trident           |    63 |   230 |   275 |   473 |       ||  1041
       Headbutt          |     2 |    21 |    46 |   136 |   180 ||   385
       Broad axe         |       |       |       |   237 |   787 ||  1024
       Unarmed           |       |       |       |       |     8 ||     8
Throw: Stone             |    25 |   142 |    74 |    15 |   299 ||   555
       Dart              |       |     3 |     8 |    17 |     9 ||    37
       Boomerang         |       |       |       |   131 |   192 ||   323
       Javelin           |       |       |       |       |    25 ||    25
Invok: Call Merchant     |       |       |       |     1 |       ||     1
Evoke: Wand              |       |       |     4 |     4 |    35 ||    43
       Tin of tremorston |       |       |       |       |     6 ||     6
       Box of beasts     |       |       |       |       |     2 ||     2
       Phial of floods   |       |       |       |       |     2 ||     2
       Condenser vane    |       |       |       |       |     1 ||     1
  Use: Scroll            |       |     5 |     1 |     9 |    11 ||    26
       Potion            |       |     7 |       |     1 |     2 ||    10
 Stab: Distracted        |       |     1 |     1 |     7 |     3 ||    12
       Paralysed         |       |       |    12 |     2 |     2 ||    16
Armor: Scale mail        |    13 |    35 |     7 |       |       ||    55
       Skin              |       |    16 |       |    86 |       ||   102
       Chain mail        |       |       |   101 |     1 |       ||   102
       Plate armour      |       |       |       |   181 |   172 ||   353
       Swamp dragon scal |       |       |       |    28 |       ||    28
       Crystal plate arm |       |       |       |       |   248 ||   248
Dodge: Dodged            |    26 |    68 |   106 |   326 |   609 ||  1135
       Repelled          |       |       |       |     5 |     2 ||     7
Block: Buckler           |     9 |    27 |    48 |   154 |   193 ||   431
